 Dungeon Sprint DCSS version 0.30-a0-800-g7c544603b3 (webtiles) character file.

Game seed: 4988192532505045211

8700000 BigDaddyOpFi the Intangible (level 27, -65/228 HPs)
             Began as a Djinni Summoner on Feb 23, 2023.
             Was the Champion of Makhleb.
             Annihilated by a destroyer
             ... wielding a +9 heavy great sword
              (238 damage)
             ... in the Dungeon (Sprint VIII: "Arena of Blood").
             The game lasted 00:02:16 (87 turns).

BigDaddyOpFi the Intangible (Djinni Summoner)         Turns: 87, Time: 00:02:17

Health: -65/228    AC: 10    Str:  7    XL:     27
Gold:   0          EV: 39    Int: 19    God:    Makhleb [******] SH:  0 Dex: 26

rFire   + + .      SeeInvis .    g - +∞ Axe of Woe
rCold   . . .      Faith    .    (shield currently unavailable)
rNeg    + + +      Spirit   .    a - +0 robe
rPois   ∞          Reflect  .    (no helmet)
rElec   .          Harm     .    (no cloak)
rCorr   .          Rampage  .    (no gloves)
Will    +++..      NoTele   +    (boots unavailable)
Stlth   ++++++++++               (no amulet)
HPRegen 0.58/turn                (no ring)
MPRegen 0.00/turn                (no ring)

@: lich-form, flying
A: draining attack, torment immunity, no potions, flying, sickness immunity,
fire resistance 2, cold vulnerability 1, float, innate caster, HP casting, extra
vitality 1
a: End Transformation, Renounce Religion, Minor Destruction, Lesser Servant of
Makhleb, Major Destruction, Greater Servant of Makhleb


You were in the Dungeon.
You worshipped Makhleb.
Makhleb was exalted by your worship.
You were an undead lich.
You visited 1 branch

Inventory:

Hand Weapons
 g - the +∞ Axe of Woe (weapon)
   (You found it in the Dungeon)
Armour
 a - a +0 robe (worn)
Scrolls
 f - a scroll of blinking
Potions
 b - a potion of curing
 c - a potion of heal wounds
 d - a potion of haste
 e - a potion of berserk rage


   Skills:
 O Level 27 Fighting
 O Level 27 Short Blades
 O Level 27 Long Blades
 O Level 27 Axes
 O Level 27 Maces & Flails
 O Level 27 Polearms
 O Level 27 Staves
 O Level 27 Ranged Weapons
 O Level 27 Throwing
 O Level 27 Armour
 O Level 27 Dodging
 O Level 27 Stealth
 O Level 27 Shields
 O Level 27 Unarmed Combat
 O Level 27 Spellcasting
 O Level 27 Invocations
 O Level 27 Evocations


You knew the following spells:

 Your Spells              Type           Power      Damage    Failure   Level
a - Summon Small Mammal   Summ           100%       N/A       0%          1
b - Call Imp              Summ           91%        N/A       0%          2
c - Call Canine Familiar  Summ           91%        N/A       0%          3
d - Summon Guardian Gole  Hex/Summ       91%        N/A       0%          3
e - Summon Lightning Spi  Summ/Air       91%        N/A       0%          4
f - Necrotise             Necr           100%       1d9       0%          1
g - Momentum Strike       Conj/Tloc      100%       3d10      0%          2
h - Searing Ray           Conj           100%       2d8       0%          2
i - Anguish               Hex/Necr       56%        N/A       0%          4
j - Airstrike             Air            45%        2d(7-23)  0%          4
k - Alistair's Intoxicat  Tmut/Pois      60%        N/A       0%          5
l - Dispersal             Tloc           45%        N/A       0%          6
m - Spellforged Servitor  Conj/Summ      45%        N/A       0%          7
n - Eringya's Noxious Bo  Tmut/Pois      45%        N/A       0%          6
o - Monstrous Menagerie   Summ           45%        N/A       0%          7
p - Necromutation         Tmut/Necr      56%        N/A       1%          8
q - Summon Horrible Thin  Summ           45%        N/A       1%          8
r - Death's Door          Necr           56%        N/A       1%          9
Your spell library was empty.

Dungeon Overview and Level Annotations

Branches:
Dungeon (1/1)

Altars:
Makhleb


Innate Abilities, Weirdness & Mutations

You are an undead lich.
Your unarmed attacks are suffused with negative energy.
You are immune to unholy pain and torment.
Your necromantic spells are more powerful.
You cannot drink.
You are flying.
You are immune to sickness and miasma.
You are immune to poison.
Your flesh is very heat resistant. (rF++)
You are vulnerable to cold. (rC-)
You float through the air rather than walking.
You learn spells naturally, not from books.
Your magical power is your life essence.
You have superior vitality. (+4 MHP)


Message History

You hear a shout! x4
An eight-headed meat hydra comes into view.
You hear a shout! x2
You slice the bag of meat!!
You butcher the bag of meat messily.
You kill the bag of meat!
Makhleb accepts your kill.
You feel better.
You hear a shout! x7; You hear a roar!
You hear a shout! x2
You slice the bag of meat!! You chop the bag of meat into pieces.
You kill the bag of meat!
Makhleb accepts your kill.
You feel better.
You slash something!
You butcher something messily.
Makhleb accepts your kill.
You feel better.
Reactivating autopickup.
You feel a bit more experienced.
You hear a roar!
You hear a shout! x7
A bag of meat comes into view. It is wielding a +9 war axe.
You hear a shout! x2
You carve the bag of meat like a ham!!!
You cleave the bag of meat in twain.
You kill the bag of meat!
Makhleb accepts your kill.
You slice the meat berserker!!
You butcher the meat berserker messily.
You kill the meat berserker!
Makhleb accepts your kill.
You feel better.
You hear a shout! x5
A destroyer comes into view. It is wielding a +9 heavy great sword.
You hear a shout! x5
A large bag of meat comes into view.
It is wielding a +9 giant spiked club. 5 bags of meat, 2 destroyers and 2 meat berserkers come into view.
A destroyer is wielding a +9 heavy great sword.
A destroyer is wielding a +9 heavy great sword.
The bag of meat shouts!
You hear a shout! x4; You hear a roar!
You hear a shout! x5
The destroyer casts a spell at you.
The destroyer blinks!
You hear a shout!
The destroyer hits you with a +9 heavy great sword!!!!!
Ouch! That really hurt!
You die...
OV.. ....
Vo§. .... oo.

..... #O. ...#
#.o ...# .
..###Oo ...###..
......V###V......
.......L_D)o....z
.....#.))))#.....
... #_)<)_# ... .
#.))).# .
......_.....
......###......
.###.. ...###..
#.. ...# . #..
...#


You could see an eight-headed meat hydra, 4 destroyers, a large bag of meat
(inner flame), 2 meat berserkers and 6 bags of meat.

Vanquished Creatures
  2 hell beasts (D)
  A royal mummy (D)
  3 wraiths (D)
  11 vampire knights (D)
  27 ogres (D)
  2 two-headed ogres (D)
  2 hydras (D)
  2 phantoms (D)
  35 orcs (D)
  5 skeletal warriors (D)
90 creatures vanquished.

Notes
Turn   | Place    | Note
-------+----------+-------------------------------------------
     0 | D        | Found the +∞ Axe of Woe
     0 | D        | BigDaddyOpFi the Djinni Summoner began the quest for the
                  | Orb.
     0 | D        | BigDaddyOpFi set off with the following spells memorised:
                  | Summon Small Mammal, Call Imp, Call Canine Familiar, Summon
                  | Guardian Golem, Summon Lightning Spire.
     0 | D        | Reached XP level 1. HP: 15/15 MP: 0/0
     2 | D        | Noticed a meat berserker
     3 | D        | Noticed a bag of meat
     4 | D        | Killed a meat berserker
     4 | D        | Noticed a bag of meat
     5 | D        | Reached XP level 2. HP: 21/21 MP: 0/0
     5 | D        | Reached XP level 3. HP: 25/25 MP: 0/0
     5 | D        | Learned a level 1 spell: Necrotise
     5 | D        | Reached XP level 4. HP: 31/31 MP: 0/0
     5 | D        | Reached XP level 5. HP: 35/35 MP: 0/0
     5 | D        | Learned a level 2 spell: Momentum Strike
     5 | D        | Reached XP level 6. HP: 40/40 MP: 0/0
     5 | D        | Reached XP level 7. HP: 45/45 MP: 0/0
     5 | D        | Learned a level 2 spell: Searing Ray
     5 | D        | Reached XP level 8. HP: 50/50 MP: 0/0
     5 | D        | Reached XP level 9. HP: 55/55 MP: 0/0
     5 | D        | Learned a level 4 spell: Anguish
     5 | D        | Reached XP level 10. HP: 60/60 MP: 0/0
     5 | D        | Reached XP level 11. HP: 65/65 MP: 0/0
     5 | D        | Learned a level 4 spell: Airstrike
     5 | D        | Reached XP level 12. HP: 70/70 MP: 0/0
     5 | D        | Became a worshipper of Makhleb the Destroyer
     6 | D        | Noticed a meat berserker
     6 | D        | Noticed a bag of meat
     6 | D        | Noticed a bag of meat
     6 | D        | Noticed a bag of meat
     7 | D        | Noticed a bag of meat
     7 | D        | Noticed a meat berserker
     8 | D        | Noticed a bag of meat
     8 | D        | Noticed a meat berserker
     9 | D        | Killed a bag of meat
     9 | D        | Killed a meat berserker
     9 | D        | Reached * piety under Makhleb
     9 | D        | Noticed a meat berserker
     9 | D        | Noticed a bag of meat
     9 | D        | Noticed a bag of meat
    10 | D        | Reached skill level 15 in Spellcasting
    10 | D        | Reached XP level 13. HP: 92/92 MP: 0/0
    10 | D        | Learned a level 5 spell: Alistair's Intoxication
    10 | D        | Reached XP level 14. HP: 97/97 MP: 0/0
    10 | D        | Killed a bag of meat
    10 | D        | Killed a bag of meat
    10 | D        | Killed a bag of meat
    10 | D        | Reached ** piety under Makhleb
    10 | D        | Noticed a bag of meat
    11 | D        | Reached skill level 10 in Fighting
    11 | D        | Reached skill level 10 in Armour
    11 | D        | Reached skill level 10 in Unarmed Combat
    11 | D        | Reached skill level 10 in Invocations
    11 | D        | Reached XP level 15. HP: 109/109 MP: 0/0
    11 | D        | Learned a level 6 spell: Dispersal
    11 | D        | Killed a meat berserker
    12 | D        | Reached skill level 10 in Axes
    12 | D        | Killed a meat berserker
    12 | D        | Reached *** piety under Makhleb
    12 | D        | Killed a meat berserker
    13 | D        | Reached skill level 15 in Armour
    13 | D        | Reached XP level 16. HP: 124/124 MP: 0/0
    13 | D        | Reached XP level 17. HP: 130/130 MP: 0/0
    13 | D        | Learned a level 7 spell: Spellforged Servitor
    13 | D        | Reached **** piety under Makhleb
    14 | D        | Reached skill level 15 in Fighting
    14 | D        | Reached skill level 15 in Unarmed Combat
    14 | D        | Reached skill level 15 in Invocations
    14 | D        | Noticed a meat berserker
    15 | D        | Noticed a meat berserker
    16 | D        | Reached ***** piety under Makhleb
    16 | D        | Killed a meat berserker
    16 | D        | Noticed a destroyer
    17 | D        | Reached skill level 15 in Axes
    17 | D        | Reached XP level 18. HP: 144/144 MP: 0/0
    17 | D        | Noticed a meat berserker
    17 | D        | Noticed a meat berserker
    18 | D        | Noticed a large bag of meat
    19 | D        | Killed a meat berserker
    19 | D        | Killed a destroyer
    19 | D        | Noticed a meat berserker
    20 | D        | Reached skill level 27 in Dodging
    20 | D        | Reached XP level 19. HP: 114/157 MP: 0/0
    20 | D        | Learned a level 6 spell: Eringya's Noxious Bog
    20 | D        | Noticed a destroyer
    20 | D        | Noticed a destroyer
    21 | D        | Killed a meat berserker
    21 | D        | Noticed a destroyer
    22 | D        | Killed a meat berserker
    22 | D        | Reached ****** piety under Makhleb
    22 | D        | Noticed a meat berserker
    22 | D        | Noticed a destroyer
    23 | D        | Reached XP level 20. HP: 167/167 MP: 0/0
    23 | D        | Killed a destroyer
    24 | D        | Killed a meat berserker
    24 | D        | Killed a destroyer
    24 | D        | Killed a large bag of meat
    24 | D        | Noticed a meat berserker
    25 | D        | Reached skill level 27 in Stealth
    25 | D        | Reached XP level 21. HP: 167/182 MP: 0/0
    25 | D        | Learned a level 7 spell: Monstrous Menagerie
    25 | D        | Noticed a large bag of meat
    25 | D        | Noticed a meat berserker
    25 | D        | Noticed an eight-headed meat hydra
    26 | D        | Noticed a destroyer
    28 | D        | Killed a meat berserker
    29 | D        | Killed a large bag of meat
    29 | D        | Noticed a meat berserker
    29 | D        | Noticed a destroyer
    29 | D        | Noticed a meat berserker
    30 | D        | Reached XP level 22. HP: 157/193 MP: 0/0
    30 | D        | Killed a destroyer
    30 | D        | Killed a meat berserker
    30 | D        | Killed a destroyer
    30 | D        | Noticed a destroyer
    31 | D        | Reached skill level 27 in Fighting
    31 | D        | Reached skill level 27 in Axes
    31 | D        | Reached skill level 27 in Armour
    31 | D        | Reached skill level 27 in Unarmed Combat
    31 | D        | Reached skill level 27 in Spellcasting
    31 | D        | Reached skill level 27 in Invocations
    31 | D        | Noticed a meat berserker
    31 | D        | Noticed a meat berserker
    32 | D        | Killed a meat berserker
    32 | D        | Killed a destroyer
    32 | D        | Killed a meat berserker
    33 | D        | Reached XP level 23. HP: 197/201 MP: 0/0
    33 | D        | Learned a level 8 spell: Necromutation
    35 | D        | Killed a destroyer
    35 | D        | Killed a destroyer
    35 | D        | Noticed a destroyer
    36 | D        | Reached XP level 24. HP: 51/208 MP: 0/0
    44 | D        | Noticed an accursed
    46 | D        | Killed an accursed
    47 | D        | Reached skill level 27 in Maces & Flails
    47 | D        | Reached skill level 27 in Polearms
    47 | D        | Reached XP level 25. HP: 214/214 MP: 0/0
    47 | D        | Learned a level 8 spell: Summon Horrible Things
    48 | D        | Killed a destroyer
    49 | D        | Noticed a destroyer
    50 | D        | Reached skill level 27 in Staves
    50 | D        | Noticed a destroyer
    53 | D        | Killed a destroyer
    53 | D        | Killed a destroyer
    54 | D        | Reached XP level 26. HP: 221/221 MP: 0/0
    59 | D        | Reached skill level 15 in Shields
    59 | D        | Reached skill level 15 in Evocations
    62 | D        | Reached skill level 15 in Short Blades
    62 | D        | Reached skill level 15 in Long Blades
    62 | D        | Noticed a dread
    62 | D        | Noticed a meat beast
    63 | D        | Noticed a dread
    63 | D        | Noticed a meat beast
    64 | D        | Reached skill level 15 in Ranged Weapons
    64 | D        | Reached skill level 15 in Throwing
    64 | D        | Killed a dread
    64 | D        | Killed a meat beast
    65 | D        | Reached XP level 27. HP: 228/228 MP: 0/0
    65 | D        | Learned a level 9 spell: Death's Door
    65 | D        | Noticed a dread
    68 | D        | Killed a meat beast
    69 | D        | Reached skill level 27 in Shields
    69 | D        | Reached skill level 27 in Evocations
    70 | D        | Killed a dread
    74 | D        | Killed a dread
    75 | D        | Reached skill level 27 in Short Blades
    75 | D        | Reached skill level 27 in Long Blades
    75 | D        | Reached skill level 27 in Ranged Weapons
    75 | D        | Reached skill level 27 in Throwing
    86 | D        | Noticed a destroyer
    87 | D        | Noticed a large bag of meat
    87 | D        | Noticed a destroyer
    87 | D        | Noticed a destroyer
    87 | D        | Annihilated by a destroyer

Illustrated notes

Levels and vault maps discovered:
D:        meatsprint

Skill      XL: |  1  2  3  4  5  6  7  8  9 10 11 12 13 14 15 16 17 18 19 20 21 22 23 24 25 26 27 |
---------------+----------------------------------------------------------------------------------+-----
Dodging        | 18 20 21 23 25 27 | 27.0
Stealth        | 16 17 18 20 22 23 25 27 | 27.0
Spellcasting   | 14 15 16 17 19 20 21 23 24 27 | 27.0
Fighting       | 7 10 14 17 20 22 25 26 27 | 27.0
Axes           | 6 8 12 15 17 19 21 23 27 | 27.0
Armour         | 7 10 15 17 20 22 25 26 27 | 27.0
Unarmed Combat | 7 10 14 17 20 22 25 26 27 | 27.0
Invocations    | 7 10 14 17 20 22 25 26 27 | 27.0
Maces & Flails | 16 23 27 | 27.0
Polearms       | 16 23 27 | 27.0
Staves         | 18 27 | 27.0
Short Blades   | 12 20 27 | 27.0
Long Blades    | 12 21 27 | 27.0
Ranged Weapons | 11 19 27 | 27.0
Throwing       | 11 19 27 | 27.0
Shields        | 13 22 27 | 27.0
Evocations     | 13 22 27 | 27.0

Action                     |  1- 3 |  4- 6 |  7- 9 | 10-12 | 13-15 | 16-18 | 19-21 | 22-24 | 25-27 || total
---------------------------+-------+-------+-------+-------+-------+-------+-------+-------+-------++-------
  Melee: Executioner's axe |     1 |       |       |     1 |     3 |     7 |     9 |    12 |    23 ||    56
   Cast: Necromutation     |       |       |       |       |       |       |       |       |     1 ||     1
  Dodge: Dodged            |       |       |       |       |     3 |       |     1 |       |       ||     4

Table legend: (Time is in decaauts)
 A = Elapsed time spent in this place.
 B = Non-inter-level travel time spent in this place.
 C = Inter-level travel time spent in this place.
 D = Time resting spent in this place.
 E = Time spent auto-exploring this place.
 F = Levels seen in this place.
 G = Mean time per level.
                   A        B        C        D        E       F      G
               +--------+--------+--------+--------+--------+-----+--------+
         Total |     87 |     87 |      0 |      0 |      0 |   1 |   87.0 |
       Dungeon |     87 |     87 |      0 |      0 |      0 |   1 |   87.0 |
               +--------+--------+--------+--------+--------+-----+--------+

Top non-repeatable levels by time:
       D: 87 daAuts
